 Dungeon Crawl Stone Soup version 0.29-a0-297-g7659ce593d (webtiles) character file.

Game seed: 2378853302635144057

2746 Dabor the Cudgeller (level 9, 0/80 (89) HPs)
             Began as a Troll Fighter on Mar 20, 2022.
             Was an Elder of Wu Jian.
             Slain by a hornet (6 damage)
             ... on level 7 of the Dungeon.
             The game lasted 00:12:52 (5165 turns).

Dabor the Cudgeller (Troll Fighter)                 Turns: 5165, Time: 00:12:52

HP:   0/80 (89)     AC:  6    Str: 34    XL:     9   Next: 41%
MP:   8/8           EV: 11    Int:  4    God:    Wu Jian [****..]
Gold: 312           SH:  0    Dex: 11    Spells: 8/8 levels left

rFire   . . .      SeeInvis .   B - +2 great mace (pain)
rCold   . . .      Faith    .   (shield currently unavailable)
rNeg    . . .      Spirit   .   d - +0 troll leather armour {Pargi}
rPois   .          Reflect  .   (helmet restricted)
rElec   .          Harm     .   r - scarf {shadows}
rCorr   .          Rampage  .   (gloves unavailable)
Will    .....                   (boots unavailable)
Stlth   +.........              (no amulet)
HPRegen 1.83/turn               j - +6 ring of strength
MPRegen 0.11/turn               (no ring)

@: lethally poisoned (0 -> -1), slowed, heavily drained, very slow
A: large, unfitting armour, claws 3, regeneration 1, shaggy fur 1, tough skin 1
a: Renounce Religion, Wall Jump, Serpent's Lash


You were on level 7 of the Dungeon.
You worshipped Wu Jian.
Wu Jian was greatly pleased with you.
You visited 1 branch of the dungeon, and saw 7 of its levels.
You also visited: Sewer.

You collected 502 gold pieces.
You spent 190 gold pieces at shops.

Inventory:

Hand Weapons
 B - a +2 great mace of pain (weapon)
Missiles
 f - 4 atropa-tipped darts
 i - a throwing net
 m - 7 boomerangs of dispersal
 q - 2 boomerangs
 A - 5 poisoned darts (quivered)
Armour
 c - a +0 kite shield
 d - a +0 troll leather armour (worn) {Pargi}
 o - the +1 robe "Nikhuv Cibb" {-Cast Harm Str+3}
   (You found it on level 2 of the Dungeon)

   Str:       It affects your strength (+3).
   -Cast:     It prevents spellcasting.
   Harm:      It increases damage dealt and taken.
 r - a scarf of shadows (worn)
Jewellery
 g - a ring of fire
 j - a +6 ring of strength (left claw)
 E - a +6 ring of dexterity
Wands
 n - a wand of iceblast (18)
 x - a wand of flame (19)
Scrolls
 a - a scroll of amnesia {unknown}
 b - a scroll of identify
 s - 3 scrolls of magic mapping
 t - 2 scrolls of enchant weapon
 y - a scroll of immolation
 C - 2 scrolls of blinking
 F - a scroll of vulnerability {unknown}
Potions
 e - 4 potions of invisibility {unknown}
 h - 4 potions of degeneration
 k - 3 potions of berserk rage {unknown}
 l - 3 potions of curing {unknown}
 p - a potion of mutation {unknown}
 u - 3 potions of lignification {unknown}
 v - a potion of ambrosia {unknown}
 w - 2 potions of might
 z - 2 potions of brilliance {unknown}
 D - a potion of cancellation {unknown}
 G - 2 potions of flight {unknown}


   Skills:
 * Level 5.6 Fighting
 * Level 5.8 Maces & Flails
 + Level 3.7 Throwing
 + Level 3.2 Armour
 * Level 5.6 Dodging
 - Level 3.0 Shields
 + Level 2.6 Evocations


You had 8 spell levels left.
You didn't know any spells.
Your spell library contained the following spells:

 Spells                   Type           Power      Damage    Failure   Level
 Scorch                   Fire           0%         2d5       67%         2
 Flame Wave               Conj/Fire      0%         2d4       99%         4
 Summon Cactus Giant      Summ           0%         N/A       100%        6
 Borgnjor's Revivificati  Necr           0%         N/A       100%        8
 Necromutation            Tmut/Necr      0%         N/A       100%        8
 Death's Door             Necr           0%         N/A       100%        9


Dungeon Overview and Level Annotations

Branches:
Dungeon (7/15)             Temple (0/1) D:5           Sewer (visited)

Altars:
Makhleb
Wu Jian

Shops:
D:2 !(![


Innate Abilities, Weirdness & Mutations

You are too large for most types of armour.
You have claws for hands.
Your natural rate of healing is unusually fast.
You are covered in fur. (AC +1)
You have tough skin. (AC +1)


Message History

The hornet barely misses you. The hornet stings you.
You are poisoned.
You suddenly lose the ability to move!
You feel very sick. The hornet stings you!
You feel yourself slow down.
You feel very sick.
The hornet stings you but does no damage.
The hornet stings you.
You feel as though you will be slow longer.
You can move again.
You thump the hornet!
The hornet is heavily wounded.
You feel very sick.
The hornet stings you but does no damage.
The hornet barely misses you. The hornet closely misses you.
You barely miss the hornet.
The hornet is heavily wounded.
You feel sick. The hornet stings you!
* * * LOW HITPOINT WARNING * * *
You feel as though you will be slow longer.
The hornet barely misses you. The hornet stings you.
* * * LOW HITPOINT WARNING * * *
You feel as though you will be slow longer.
You hit the hornet.
The hornet is severely wounded.
You feel sick.
The hornet stings you but does no damage.
The hornet stings you!
* * * LOW HITPOINT WARNING * * *
You are more poisoned.
You feel as though you will be slow longer.
The hornet stings you.
* * * LOW HITPOINT WARNING * * *
You feel as though you will be slow longer.
You closely miss the hornet.
The hornet is severely wounded.
You feel very sick. The hornet barely misses you.
The hornet closely misses you. x2
The hornet stings you.
You die...

##.### #......####....#
...............# #
#......# #.....#
#.#......# #.....###
#.#......###W#......
#.#y.....##..)......
#..@.# #..#.#.###
#....# #..#......
#....# #..##.####
.##....######........#
.......#))....####.#.#
####.....))...>........
#....#.....#####.# #
#....#.....# #
#.####.....# .


You could see a hornet.

Vanquished Creatures
  Maggie (D:6)
  The ghost of tensugalgo the Shooter, an amateur DgAM (D:4)
  Duvessa (D:4)
  An orc warrior (D:6)
  2 sky beasts (D:5)
  Pargi (Sewer)
  An ice beast (D:6)
  2 centaurs
  3 necrophages
  2 bullfrogs (D:6)
  2 scorpions (D:6)
  5 wights (D:7)
  Dowan (D:4)
  2 hounds
  A gnoll shaman (D:7)
  3 jellies (D:7)
  An orc priest (D:5)
  Natasha (thrice) (D:2)
  2 orc wizards (D:5)
  10 iguanas
  Robin (D:2)
  3 gnolls (D:7)
  6 adders
  A white imp (D:6)
  An ufetubus (D:5)
  A dart slug (D:2)
  21 orcs
  5 ball pythons
  6 bats
  8 endoplasms
  2 giant cockroaches
  11 goblins
  10 hobgoblins
  11 jackals
  6 kobolds
  4 quokkas
  2 frilled lizards
  6 rats
150 creatures vanquished.

Notes
Turn   | Place    | Note
-------+----------+-------------------------------------------
     0 | D:1      | Dabor the Troll Fighter began the quest for the Orb.
     0 | D:1      | Reached XP level 1. HP: 22/22 MP: 0/0
   239 | D:1      | Reached XP level 2. HP: 29/29 MP: 1/1
   833 | D:2      | Found a faded altar of an unknown god.
   838 | D:2      | Prayed at the altar of an unknown god.
   838 | D:2      | Became a worshipper of the Wu Jian Council
   838 | D:2      | Reached * piety under Wu Jian
   856 | D:2      | Reached XP level 3. HP: 36/36 MP: 2/2
  1014 | D:2      | Found Suetut's Antique Weapon Shoppe.
  1085 | D:2      | Found Epnuno's Distillery.
  1120 | D:2      | Noticed Natasha
  1128 | D:2      | Killed Natasha
  1129 | D:2      | Reached XP level 4. HP: 42/44 MP: 3/3
  1192 | D:2      | Identified the +2 helmet "Adud" {Str+6 Dex+4}
  1192 | D:2      | Noticed Robin
  1204 | D:2      | Reached ** piety under Wu Jian
  1273 | D:2      | Found Enuolaj's Distillery.
  1353 | D:2      | Killed Robin
  1354 | D:2      | Reached skill level 1 in Throwing
  1379 | D:2      | Identified the +1 robe "Nikhuv Cibb" {-Cast Harm Str+3}
  1421 | D:2      | Found Raogione's Armour Boutique.
  1469 | D:3      | Reached XP level 5. HP: 38/53 MP: 4/4
  1472 | D:3      | Reached skill level 1 in Armour
  1651 | D:3      | Found a glowing drain.
  1667 | Sewer    | Entered a sewer
  1694 | Sewer    | Noticed Pargi
  1709 | Sewer    | Killed Pargi
  1710 | Sewer    | Reached XP level 6. HP: 56/61 MP: 5/5
  2127 | D:4      | Noticed Dowan
  2127 | D:4      | Noticed Duvessa
  2130 | D:4      | Killed Duvessa
  2131 | D:4      | Killed Dowan
  2209 | D:4      | Reached *** piety under Wu Jian
  2339 | D:4      | Found a large runed translucent door.
  2339 | D:4      | Found a large runed translucent door.
  2723 | D:4      | Reached XP level 7. HP: 50/68 MP: 6/6
  2799 | D:4      | Noticed tensugalgo's ghost (amateur DgAM)
  2819 | D:4      | Killed tensugalgo's ghost
  2820 | D:4      | Reached skill level 1 in Evocations
  2939 | D:2      | Bought a glowing great mace for 190 gold pieces
  2946 | D:2      | Noticed Natasha
  2949 | D:2      | Killed Natasha
  2970 | D:2      | Noticed Natasha
  2982 | D:2      | Killed Natasha
  3047 | D:5      | Entered Level 5 of the Dungeon
  3660 | D:5      | Found a staircase to the Ecumenical Temple.
  3742 | D:5      | Reached XP level 8. HP: 78/78 MP: 7/7
  4260 | D:6      | Found a burning altar of Makhleb.
  4376 | D:6      | HP: 1/79 [ice beast (8)]
  4379 | D:6      | Reached skill level 5 in Maces & Flails
  4379 | D:6      | Reached skill level 5 in Dodging
  4425 | D:6      | Reached **** piety under Wu Jian
  4426 | D:6      | Reached skill level 5 in Fighting
  4473 | D:6      | Noticed Maggie
  4488 | D:6      | Killed Maggie
  4489 | D:6      | Reached XP level 9. HP: 52/88 MP: 8/8
  5159 | D:7      | Paralysed by a hornet for 3 turns
  5165 | D:7      | Slain by a hornet

Illustrated notes

Levels and vault maps discovered:
D:1:      eino_arrival_water_star, layout_loops_ring
D:2:      layout_rooms, chequers_ecumenical_altar_simple, serial_shops,
          nicolae_shop_hallway_stairs, shop_statue, shop, nicolae_shop_trees,
          chequers_mini_garden, kennysheep_another_room, uniq_natasha,
          uniq_robin
D:3:      layout_rooms, portal_sewer_entry_d
D:4:      dreamdust_elfheim, layout_basic, ebering_ghost_disaster_area,
          uniq_duvessa
D:5:      wad_pebble_path, layout_basic, minmay_temple_entry_enclosed_plants
D:6:      layout_rooms, kennysheep_mini, uniq_maggie
D:7:      layout_basic, minmay_misc_feat_more_columns

Skill      XL: |  1  2  3  4  5  6  7  8  9 |
---------------+----------------------------+-----
Maces & Flails | 2 3 4 5 |  5.8
Dodging        | 3 4 5 |  5.6
Fighting       | 3 4 5 |  5.6
Throwing       | 1 2 3 |  3.7
Armour         | 1 2 3 |  3.2
Shields        | 3 |  3.0
Evocations     | 1 2 |  2.6

Action                   |  1- 3 |  4- 6 |  7- 9 || total
-------------------------+-------+-------+-------++-------
Melee: Flail             |   164 |   187 |    15 ||   366
       Great mace        |       |       |   199 ||   199
Throw: Dart              |       |     1 |     4 ||     5
       Boomerang         |       |       |     2 ||     2
Invok: Whirlwind         |    28 |     4 |     3 ||    35
       Lunge             |     5 |     6 |    11 ||    22
Evoke: Wand              |       |     4 |     1 ||     5
  Use: Scroll            |       |     5 |     3 ||     8
       Potion            |       |     1 |     2 ||     3
 Stab: Sleeping          |     1 |     1 |       ||     2
Armor: Robe              |    73 |    59 |       ||   132
       Troll leather arm |       |    33 |    96 ||   129
Dodge: Dodged            |    81 |   124 |   139 ||   344
Block: Kite shield       |    61 |    95 |     5 ||   161

Table legend: (Time is in decaauts)
 A = Elapsed time spent in this place.
 B = Non-inter-level travel time spent in this place.
 C = Inter-level travel time spent in this place.
 D = Time resting spent in this place.
 E = Time spent auto-exploring this place.
 F = Levels seen in this place.
 G = Mean time per level.
                   A        B        C        D        E       F      G
               +--------+--------+--------+--------+--------+-----+--------+
         Total |   5483 |   4576 |    907 |     17 |   2916 |   8 |  685.4 |
       Dungeon |   5332 |   4425 |    907 |     17 |   2846 |   7 |  761.7 |
         Sewer |    151 |    151 |      0 |      0 |     69 |   1 |  151.0 |
               +--------+--------+--------+--------+--------+-----+--------+

Top non-repeatable levels by time:
     D:1: 992 daAuts
     D:2: 980 daAuts
     D:4: 948 daAuts
     D:3: 713 daAuts
     D:5: 689 daAuts
     D:6: 604 daAuts
     D:7: 404 daAuts
   Sewer: 151 daAuts
